 Dungeon Crawl Stone Soup version 0.21.2-1-g0862bd23eb (console) character file.

815 CALLOUS the Fighter (level 7, -7/70 HPs)
             Began as a Hill Orc Abyssal Knight on Oct 6, 2019.
             Was a Priest of Lugonu.
             Mangled by an ogre
             ... wielding a +0 giant club
              (27 damage)
             ... on level 4 of the Dungeon on Oct 9, 2019.
             The game lasted 01:36:05 (9074 turns).

CALLOUS the Fighter (Hill Orc Abyssal Knight)       Turns: 9074, Time: 01:36:05

Health: -7/70      AC:  3    Str: 17      XL:     7   Next: 94%
Magic:  10/10      EV: 11    Int: 12      God:    Lugonu [***...]
Gold:   285        SH:  0    Dex:  5 (10) Spells: 6/6 levels left

rFire    . . .     SeeInvis .   b - +1 falchion
rCold    . . .     Gourm    .   (no shield)
rNeg     . . .     Faith    .   D - +0 robe (curse)
rPois    .         Spirit   .   x - +0 helmet
rElec    .         Reflect  .   (no cloak)
rCorr    .         Harm     .   (no gloves)
MR       .....                  (no boots)
Stlth    +.........             (no amulet)
HPRegen  0.21/turn              (no ring)
MPRegen  0.12/turn              (no ring)

@: no status effects
A: no striking features
a: Depart the Abyss, Bend Space, Banish, Renounce Religion


You were on level 4 of the Dungeon.
You worshipped Lugonu.
Lugonu was most pleased with you.
You were near starving.

You visited 1 branch of the dungeon, and saw 6 of its levels.
You visited the Abyss 1 time.

You collected 285 gold pieces.

Inventory:

Hand Weapons
 a - a +0 dagger of holy wrath
 b - a +1 falchion (weapon)
 f - a +0 spear
 l - a +0 spear
 r - a +0 hunting sling
 A - a +0 trident
 C - a cursed -2 dagger
 O - a +0 club
 T - a +0 blowgun
 U - a +0 trident
Missiles
 h - 42 poisoned needles
 m - 155 stones
 y - 46 arrows
 I - 4 tomahawks (quivered)
 M - 33 bolts
 V - 22 sling bullets
Armour
 q - a +0 leather armour
 x - a +0 helmet (worn)
 D - a cursed +0 robe (worn)
 Q - a +0 leather armour
Jewellery
 o - an uncursed amulet of magic regeneration {unknown}
 L - a cursed ring of teleportation {unknown}
Wands
 G - a wand of digging (11)
 W - a wand of iceblast (6)
Scrolls
 g - 3 scrolls of magic mapping {unknown}
 i - a scroll of amnesia {unknown}
 k - 7 scrolls of identify {unknown}
 n - 5 scrolls of remove curse {unknown}
 s - 4 scrolls of teleportation {unknown}
 t - 2 scrolls of blinking {unknown}
 S - a scroll of random uselessness {unknown}
 Y - a scroll of enchant weapon {unknown}
Potions
 d - 3 potions of curing
 e - 2 potions of heal wounds {unknown}
 j - 2 potions of agility {unknown}
 v - a potion of brilliance {unknown}
 z - a potion of haste {unknown}
 F - 2 potions of flight {unknown}
 H - a potion of resistance {unknown}
 K - a potion of invisibility {unknown}
 X - a potion of lignification {unknown}
Comestibles
 c - 10 rations


   Skills:
 * Level 9.5 Fighting
 - Level 2.1 Long Blades
 + Level 3.8 Armour
 - Level 1.1 Dodging
 * Level 4.6 Invocations


You had 6 spell levels left.
You didn't know any spells.

Dungeon Overview and Level Annotations

Branches:
Dungeon (6/15)
 Temple: D:4-7

Altars:
Dithmenos
Elyvilon
Fedhas
Gozag
Makhleb
Wu Jian

Annotations:
D:2 2 exclusions
D:4 7oHflailofvenomleather, exclusions: orc and 1 more exclusion
D:5 6ibED7oHflailofvenom7oHmaceopalring, exclusion: orc


Message History

The ogre is moderately wounded.
The ogre hits you with a giant club!
You hit the ogre.
The ogre is moderately wounded.
The ogre hits you with a giant club!
You closely miss the ogre.
The ogre is moderately wounded.
The ogre hits you with a giant club!
You hit the ogre.
The ogre is moderately wounded.
The ogre barely misses you.
You riposte.
You barely miss the ogre.
The ogre is moderately wounded.
You barely miss the ogre.
The ogre is moderately wounded.
The ogre hits you with a giant club!
* * * LOW HITPOINT WARNING * * *
You hit the ogre.
The ogre is heavily wounded.
The ogre hits you with a giant club!!
You die...

....#........#...................
....######...................##..
.............................##..
...#######......((...........##..
.....####................Y.......
.............................##..
...#.##.........................o
...#.##.#........#.#########.....
.................#.##....# #>....
..........#.#...O#.##....# #.....
..........#.....@#.##....# #.###.
..........#...#..#.Y.....###.# #.
...<......#.......o.o.....oY.###.
........o.###.#..#...#######.....
..........Y......................
.....########.#..###.#.#####....#
#..##...........................#
...........####..#...#.###.....##
..............#..#...#.# #.....#
......#...###.#..#...#.# #####>##
...#..#...# #.#........# #......


You could see an ogre.

Vanquished Creatures
  An ogre (D:5)
  The ghost of malin the Shooter, an amateur TeAM (D:3)
  A big kobold (D:5)
  A scorpion (D:5)
  A quasit (D:4)
  2 crimson imps (D:5)
  A hound (D:5)
  3 orc priests
  2 orc wizards
  A centaur skeleton (D:5)
  A worker ant (D:5)
  9 adders
  A shadow imp (D:5)
  An ooze (D:3)
  4 worms
  6 dart slugs
  2 leopard geckos
  9 orcs
  A ball python (D:2)
  7 bats
  2 giant cockroaches
  6 goblins
  8 hobgoblins
  15 jackals
  15 kobolds
  A ball python skeleton (D:4)
  2 frilled lizards
  3 rats
107 creatures vanquished.

Notes
Turn   | Place    | Note
-------+----------+-------------------------------------------
     0 | Abyss:1  | CALLOUS the Hill Orc Abyssal Knight began the quest for the Orb.
     0 | Abyss:1  | Reached XP level 1. HP: 19/19 MP: 2/2
    18 | D:1      | Escaped the Abyss
    78 | D:1      | Reached skill level 4 in Fighting
   135 | D:1      | Reached XP level 2. HP: 28/28 MP: 3/3
   773 | D:1      | Reached XP level 3. HP: 35/35 MP: 4/4
  1426 | D:3      | Found an opulent altar of Gozag.
  1513 | D:3      | Reached skill level 5 in Fighting
  1564 | D:3      | Reached ** piety under Lugonu
  1589 | D:3      | Reached skill level 1 in Dodging
  1601 | D:3      | Reached XP level 4. HP: 32/42 MP: 6/6
  1776 | D:3      | Noticed malin's ghost (amateur TeAM)
  2505 | D:2      | Reached XP level 5. HP: 45/50 MP: 7/7
  2722 | D:2      | Found a blossoming altar of Fedhas.
  2722 | D:2      | Found a white marble altar of Elyvilon.
  2728 | D:2      | Reached skill level 6 in Fighting
  2732 | D:2      | Found a shadowy altar of Dithmenos.
  2732 | D:2      | Found an ornate altar of the Wu Jian Council.
  3419 | D:3      | Found a burning altar of Makhleb.
  3419 | D:3      | Noticed a blizzard demon
  3875 | D:4      | Reached *** piety under Lugonu
  3957 | D:4      | Noticed an ogre
  4496 | D:4      | Noticed a phantom
  4521 | D:5      | Entered Level 5 of the Dungeon
  4534 | D:5      | Reached skill level 7 in Fighting
  4534 | D:5      | Reached XP level 6. HP: 37/60 MP: 8/8
  4947 | D:5      | Noticed an ice beast
  5161 | D:5      | HP: 3/61 [scorpion (1)]
  5165 | D:5      | Reached skill level 8 in Fighting
  5466 | D:5      | Reached XP level 7. HP: 58/68 MP: 10/10
  6331 | D:4      | Reached skill level 9 in Fighting
  6439 | D:3      | HP: 3/70 [malin's ghost (9)]
  7131 | D:3      | Killed malin's ghost
  9074 | D:4      | Mangled by an ogre

Skill      XL: |  1  2  3  4  5  6  7 |
---------------+----------------------+-----
Fighting       | 4 5 7 8 9 |  9.5
Dodging        | 1 |  1.1
Invocations    | 3 4 |  4.6
Armour         | 3 |  3.8
Long Blades    | |  2.1

Action                   |  1- 3 |  4- 6 |  7- 9 || total
-------------------------+-------+-------+-------++-------
Melee: Falchion          |    92 |   116 |   110 ||   318
       Dagger            |       |    16 |    49 ||    65
 Fire: Hunting sling     |    15 |   121 |    36 ||   172
Throw: Stone             |     9 |     2 |     1 ||    12
       Tomahawk          |       |     1 |     3 ||     4
Invok: Bend Space        |       |       |     2 ||     2
  Use: Potion            |       |     2 |       ||     2
  Eat: Chunk             |     2 |    12 |     3 ||    17
       Ration            |       |       |     2 ||     2
Armor: Leather armour    |    24 |    33 |       ||    57
       Robe              |       |    16 |    52 ||    68
Dodge: Dodged            |    65 |   114 |   136 ||   315
       Rpst.: Falchion   |    20 |    24 |    29 ||    73
